 Dungeon Crawl Stone Soup version 0.26-a0-1139-g7d2dc893a1 (webtiles) character file.

Game seed: 16254827068302335013

4834 vvl the Grappler (level 10, -2/91 HPs)
             Began as a Troll Monk on Dec 22, 2020.
             Was a Believer of Kikubaaqudgha.
             Slain by an orc warrior
             ... wielding a +6 battleaxe
              (21 damage)
             ... on level 7 of the Dungeon.
             The game lasted 00:25:57 (5984 turns).

vvl the Grappler (Troll Monk)                       Turns: 5984, Time: 00:25:58

Health: -2/91      AC:  6    Str: 24    XL:     10   Next: 25%
Magic:  9/9        EV: 10    Int:  6    God:    Kikubaaqudgha [**....]
Gold:   265        SH:  0    Dex: 12    Spells: 9/9 levels left

rFire    . . .     SeeInvis .     - Unarmed
rCold    . . .     Faith    .   (no shield)
rNeg     . . .     Spirit   .   a - +0 robe
rPois    .         Reflect  .   (helmet restricted)
rElec    .         Harm     .   (no cloak)
rCorr    .         Rampage  .   (gloves unavailable)
Will     .....                  (boots unavailable)
Stlth    ++........             r - amulet of the acrobat
HPRegen  0.65/turn              (no ring)
MPRegen  0.11/turn              m - +4 ring of slaying

@: no status effects
A: large, unfitting armour, claws 3, regeneration 1, shaggy fur 1, tough skin 3
a: Renounce Religion, Receive Corpses


You were on level 7 of the Dungeon.
You worshipped Kikubaaqudgha.
Kikubaaqudgha was pleased with you.
You visited 2 branches of the dungeon, and saw 8 of its levels.

You collected 265 gold pieces.

Inventory:

Hand Weapons
 i - a +0 whip
 B - a +0 hand axe of electrocution
 F - a +2 spear of venom
 H - a +0 vorpal flail
 I - a +0 whip
 J - a +0 great mace
 K - a +0 dire flail
Armour
 a - a +0 robe (worn)
 w - a +0 kite shield
Jewellery
 h - an uncursed amulet of regeneration
 j - an uncursed ring of magical power
 m - a +4 ring of slaying (right claw)
 r - an amulet of the acrobat (around neck)
Wands
 p - a wand of flame (15)
 t - a wand of random effects (17)
 x - a wand of digging (7)
 C - a wand of enslavement (22)
 E - a wand of polymorph (13)
 G - a wand of acid (13)
Scrolls
 b - 4 scrolls of remove curse
 c - 2 scrolls of random uselessness {unknown}
 e - 4 scrolls of fear {unknown}
 f - 8 scrolls of identify
 g - 3 scrolls of fog {unknown}
 k - 3 scrolls of teleportation {unknown}
 l - 4 scrolls of magic mapping {unknown}
 o - 2 scrolls of amnesia {unknown}
 u - 3 scrolls of enchant armour
 v - a scroll of blinking {unknown}
 y - a scroll of brand weapon {unknown}
Potions
 d - 2 potions of magic
 n - a potion of lignification {unknown}
 q - 2 potions of heal wounds {unknown}
 s - 2 potions of might {unknown}
 z - a potion of invisibility {unknown}
 A - a potion of degeneration {unknown}
 D - a potion of curing {unknown}


   Skills:
 + Level 3.1 Fighting
 - Level 2.4 Dodging
 - Level 1.0 Stealth
 + Level 14.3 Unarmed Combat
 + Level 1.8 Necromancy


You had 9 spell levels left.
You didn't know any spells.
Your spell library contained the following spells:

 Spells                   Type           Power        Failure   Level
 Pain                     Necr           8%           24%         1
 Sublimation of Blood     Necr           1%           36%         2
 Corpse Rot               Necr/Air       N/A          47%         2
 Vampiric Draining        Necr           1%           58%         3


Dungeon Overview and Level Annotations

Branches:
Dungeon (7/15)             Temple (1/1) D:6

Altars:
Ashenzari
Cheibriados
Dithmenos
Elyvilon
Fedhas
Gozag
Hepliaklqana
Kikubaaqudgha
Makhleb
Nemelex Xobeh
Qazlal
Ru
Sif Muna
Trog
Uskayaw
Wu Jian
Xom
Zin
The Shining One
Beogh


Innate Abilities, Weirdness & Mutations

You are too large for most types of armour.
You have claws for hands.
Your natural rate of healing is unusually fast.
You are covered in fur. (AC +1)
You have extremely tough skin. (AC +3)


Message History

The orc warrior hits you with a +6 battleaxe!
Your Fighting skill increases to level 3!
You scratch the orc warrior but do no damage.
Your claw misses the orc warrior.
The orc warrior is heavily wounded.
You claw the orc warrior!
The orc warrior is almost dead.
The orc warrior hits you with a +6 battleaxe!
* * * LOW HITPOINT WARNING * * *
You barely miss the orc warrior.
The orc warrior is almost dead.
The orc warrior hits you with a +6 battleaxe!
* * * LOW HITPOINT WARNING * * *
You barely miss the orc.
There is a stone staircase leading down here.
You barely miss the orc warrior.
The orc warrior is almost dead.
The orc warrior hits you with a +6 battleaxe!!
You die...
Kikubaaqudgha rasps: "You have failed me!
Welcome... death!"

#.........#
#.........#####
#..............
####...^.......##.
#...............#.
#.##..............
#.##..............
#.##..............
#@##..............
#o###.##..##...##. #o#
#..#..#.....#. #>#
##.#..#.###.#. #o#
#.#....# #... #####.#
#.##.#.###.##
#....o####.##.#.....##
#....oo.##.##.###..##.
#..####....o.........o


You could see an orc warrior, an orc priest and 4 orcs.

Vanquished Creatures
  A two-headed ogre (D:7)
  The ghost of Morgoth the Martial Artist, a novice TeTm of Yredelemnul (D:7)
  Grinder (D:5)
  Prince Ribbit (D:6)
  6 yaks (D:6)
  Eustachio (D:5)
  A water moccasin (D:7)
  An ice beast (D:6)
  2 phantoms
  3 centaurs
  An ogre (D:5)
  Blork the orc (D:5)
  3 bullfrogs (D:6)
  2 gnoll sergeants
  3 scorpions
  4 killer bees (D:7)
  A wight (D:6)
  A howler monkey (D:4)
  3 jellies
  6 orc priests
  Ijyb (D:4)
  2 iguanas
  Natasha (D:2)
  5 worker ants
  2 orc wizards
  A hound skeleton (D:4)
  2 worker ant zombies (D:6)
  9 adders
  8 gnolls
  A shadow imp (D:6)
  A white imp (D:7)
  2 ufetubi
  13 oozes
  An adder skeleton (D:6)
  An adder zombie (D:6)
  5 worms
  3 dart slugs
  3 leopard geckos
  24 orcs
  7 bats
  13 giant cockroaches
  7 goblins
  6 hobgoblins
  A jackal (D:6)
  A ball python (D:5)
  4 frilled lizards
  A jackal zombie (D:6)
  12 kobolds
  11 rats
191 creatures vanquished.

Vanquished Creatures (others)
  3 fungi (D:4)
  10 toadstools (D:4)
13 creatures vanquished.

Grand Total: 204 creatures vanquished

Notes
Turn   | Place    | Note
-------+----------+-------------------------------------------
     0 | D:1      | vvl the Troll Monk began the quest for the Orb.
     0 | D:1      | Reached XP level 1. HP: 22/22 MP: 0/0
   150 | D:1      | Reached XP level 2. HP: 23/29 MP: 1/1
   519 | D:1      | Reached skill level 4 in Unarmed Combat
   700 | D:2      | Noticed Natasha
   707 | D:2      | Noticed a crimson imp
   708 | D:2      | Killed Natasha
   709 | D:2      | Reached XP level 3. HP: 34/36 MP: 2/2
   864 | D:2      | Reached skill level 5 in Unarmed Combat
   864 | D:2      | Reached XP level 4. HP: 44/44 MP: 3/3
  1424 | D:3      | Noticed a centaur
  1432 | D:3      | Killed a centaur
  1433 | D:3      | Reached skill level 6 in Unarmed Combat
  1433 | D:3      | Reached XP level 5. HP: 35/50 MP: 4/4
  1833 | D:3      | Reached XP level 6. HP: 59/59 MP: 5/5
  1875 | D:3      | Reached skill level 7 in Unarmed Combat
  2386 | D:4      | Reached skill level 8 in Unarmed Combat
  2386 | D:4      | Reached XP level 7. HP: 62/66 MP: 6/6
  2519 | D:4      | Noticed Ijyb
  2525 | D:4      | Killed Ijyb
  2947 | D:4      | Found a stormy altar of Qazlal.
  2947 | D:4      | Found a glowing golden altar of the Shining One.
  2947 | D:4      | Found a burning altar of Makhleb.
  3114 | D:4      | Reached skill level 9 in Unarmed Combat
  3302 | D:5      | Entered Level 5 of the Dungeon
  3327 | D:5      | Noticed Blork the orc
  3332 | D:5      | Killed Blork the orc
  3367 | D:5      | Noticed Grinder
  3368 | D:5      | Paralysed by Grinder for 3 turns
  3377 | D:5      | Killed Grinder
  3378 | D:5      | Reached skill level 10 in Unarmed Combat
  3378 | D:5      | Reached XP level 8. HP: 55/74 MP: 7/7
  3552 | D:5      | Noticed Eustachio
  3561 | D:5      | Killed Eustachio
  3967 | D:6      | Reached skill level 11 in Unarmed Combat
  4295 | D:6      | Reached XP level 9. HP: 69/80 MP: 8/8
  4341 | D:6      | Noticed Prince Ribbit
  4347 | D:6      | Killed Prince Ribbit
  4348 | D:6      | Reached skill level 12 in Unarmed Combat
  4348 | D:6      | Found a staircase to the Ecumenical Temple.
  4367 | Temple   | Entered the Ecumenical Temple
  4471 | Temple   | Became a worshipper of Kikubaaqudgha
  4471 | Temple   | Reached * piety under Kikubaaqudgha
  4471 | Temple   | Identified Kikubaaqudgha's Grimoire of Sinister Secrets
                  | (Kikubaaqudgha gifted it to you in the Ecumenical Temple)
  4471 | Temple   | Received a gift from Kikubaaqudgha
  4471 | Temple   | Reached ** piety under Kikubaaqudgha
  4515 | D:6      | Reached skill level 13 in Unarmed Combat
  5040 | D:7      | Found a runed translucent gate.
  5044 | D:7      | Identified the +8 chain mail "Piurph" {rC++}
  5045 | D:7      | Noticed Morgoth's ghost (novice TeTm)
  5052 | D:7      | Found a runed translucent gate.
  5053 | D:7      | Found a roughly hewn altar of Beogh.
  5053 | D:7      | Found a runed translucent gate.
  5115 | D:7      | Noticed a two-headed ogre
  5321 | D:7      | Killed a two-headed ogre
  5322 | D:7      | Reached skill level 14 in Unarmed Combat
  5322 | D:7      | Reached XP level 10. HP: 88/88 MP: 9/9
  5580 | D:7      | Reached skill level 1 in Necromancy
  5968 | D:7      | Killed Morgoth's ghost
  5984 | D:7      | Slain by an orc warrior

Illustrated notes

Levels and vault maps discovered:
D:1:      sevenhm_arrival_forest_fort_small_6, layout_basic,
          palyth_stone_intersect, corexii_hall_statues_u
D:2:      layout_loops_ring, uniq_natasha
D:3:      cheibrodos_helix_gallery, layout_basic, grunt_ministairs_1,
          grunt_decor_fettered, nicolae_underground_beach
D:4:      cheibrodos_fertilizer, layout_basic,
          gammafunk_temple_overflow_forgotten, grunt_decor_clamped,
          lightli_minifort, uniq_ijyb
D:5:      layout_gridville, minmay_misc_feat_plants, uniq_blork_the_orc,
          uniq_grinder, uniq_eustachio
D:6:      cheibrodos_barr_body, layout_loops_ring, minmay_temple_entry_waves,
          uniq_prince_ribbit1
D:7:      layout_loops_ring, biasface_ghost_orc_armoury, hangedman_decor_points
Temple:   nicolae_temple_x_marks_the_god

Skill      XL: |  1  2  3  4  5  6  7  8  9 10 |
---------------+-------------------------------+-----
Unarmed Combat | 4 5 6 8 10 11 14 | 14.3
Necromancy     | 1 |  1.8
Fighting       | 3 |  3.1
Dodging        | |  2.4
Stealth        | |  1.0

Action                   |  1- 3 |  4- 6 |  7- 9 | 10-12 || total
-------------------------+-------+-------+-------+-------++-------
Melee: Unarmed           |    72 |   128 |   244 |    50 ||   494
       Punch             |     3 |     4 |     7 |       ||    14
  Use: Scroll            |       |     2 |     2 |       ||     4
 Stab: Sleeping          |     2 |     9 |     4 |       ||    15
Armor: Robe              |    34 |    47 |    49 |     9 ||   139
Dodge: Dodged            |    39 |    72 |   176 |    37 ||   324

Table legend: (Time is in decaauts)
 A = Elapsed time spent in this place.
 B = Non-inter-level travel time spent in this place.
 C = Inter-level travel time spent in this place.
 D = Time resting spent in this place.
 E = Time spent auto-exploring this place.
 F = Levels seen in this place.
 G = Mean time per level.
                   A        B        C        D        E       F      G
               +--------+--------+--------+--------+--------+-----+--------+
         Total |   5902 |   5589 |    313 |    437 |   3949 |   8 |  737.8 |
       Dungeon |   5788 |   5496 |    292 |    437 |   3860 |   7 |  826.9 |
        Temple |    113 |     92 |     21 |      0 |     89 |   1 |  113.0 |
               +--------+--------+--------+--------+--------+-----+--------+

Top non-repeatable levels by time:
     D:4: 1114 daAuts
     D:6: 1091 daAuts
     D:7: 919 daAuts
     D:3: 775 daAuts
     D:2: 708 daAuts
     D:1: 669 daAuts
     D:5: 510 daAuts
  Temple: 113 daAuts
